[Event "*** Titled Tuesday Blitz"]
[Site "Chess.com"]
[Date "2021.03.16"]
[Round "9"]
[White "Piacramling"]
[Black "enriquetejedor"]
[Result "0-1"]
[WhiteElo "2353"]
[BlackElo "2534"]
[TimeControl "180+1"]
[EndTime "11:45:10 PDT"]
[Termination "enriquetejedor won on time"]

1. Nf3 d5 2. d4 Nf6 3. c4 e6 4. Nc3 Be7 5. Bg5 O-O 6. e3 h6 7. Bxf6 Bxf6 8. Qc2 c6 9. O-O-O dxc4 10. Bxc4 b5 11.
Be2 a5 12. g4 Nd7 13. h4 Be7 14. Ne4 b4 15. g5 h5 16. Ne5 Nxe5 17. dxe5 Qc7 18.
f4 g6 19. Nd6 Rd8 20. Qc5 Qa7 21. Qxa7 Rxa7 22. Rd2 Ba6 23. Bxa6 Rxa6 24. Rhd1 Kf8 25. Kc2 a4 26. Nc4 Rd5 27. e4 Rxd2+ 28. Rxd2 Ra7 29.
Nd6 c5 30. Nc4 Ke8 31. Rd3 Ra8 32. Kd1 Ra7 33. Kc2 Ra8 34. Rd1 Rb8 35. Rd3 Rb5 36. b3 axb3+ 37. axb3 Rb8 38. Kb2 Ra8 39. Rd1 Rb8 40. Ra1 Rd8 41. Kc2 Rd4 42. Re1 Kd8 43.
Re2 Kc7 44. Re3 Rd8 45. Re1 Ra8 46. Kb2 Ra7 0-1

[Event "*** Titled Tuesday Blitz"]
[Site "Chess.com"]
[Date "2021.03.16"]
[Round "9"]
[White "Forantes"]
[Black "Joker_Gumble"]
[Result "1-0"]
[WhiteElo "2416"]
[BlackElo "2326"]
[TimeControl "180+1"]
[EndTime "11:45:10 PDT"]
[Termination "Forantes won on time"]

1. Nf3 d5 2. g3 c6 3. Bg2 e6 4. O-O f5 5. d3 Nf6 6. Nbd2 Bd6 7. Re1 O-O 8. e4 Bc7 9. c3 fxe4 10. dxe4 Na6 11. b3 Nc5 12. Ba3 b6 13. Nd4 Bd7 14. e5 Ne8 15. f4 g6 16. N2f3 Ng7 17.
c4 Re8 18. Rc1 Ne4 19. Nd2 Nxd2 20. Qxd2 c5 21. cxd5 cxd4 22. d6 Rc8 23. dxc7 Rxc7 24. Qxd4 Rxc1 25. Rxc1 Bb5 26. Qxd8 Rxd8 27. Bd6 Nf5 28.
Rd1 Be2 29. Rd2 Bb5 30. Be4 Nxd6 31. exd6 Kf7 32. Kf2 e5 33. fxe5 Ke6 34. Ke3 Kxe5 35. d7 Rxd7 36. Rxd7 Bxd7 37. h4 Be6 38. h5 gxh5 39.
Bxh7 Bg4 40. Be4 Bd1 41. Bd3 Bg4 42. Be4 a5 43. a3 Be6 44. b4 axb4 45. axb4 Bf7 46.
Bf3 Be8 47. Be2 Kd5 48. Kf4 1-0

[Event "*** Titled Tuesday Blitz"]
[Site "Chess.com"]
[Date "2021.03.16"]
[Round "9"]
[White "vladgoncharov"]
[Black "andriipalchuk"]
[Result "1-0"]
[WhiteElo "2463"]
[BlackElo "2559"]
[TimeControl "180+1"]
[EndTime "11:45:13 PDT"]
[Termination "vladgoncharov won on time"]

1. e4 c6 2. d4 d5 3. e5 c5 4. Nf3 Nc6 5. Bb5 Bg4 6. dxc5 e6 7. b4 a6 8. Bxc6+ bxc6 9. O-O Ne7 10. Bg5 Qb8 11. Bxe7 Bxe7 12. Qd4 Bxf3 13. gxf3 f6 14. f4 a5 15. c3 fxe5 16. fxe5 O-O 17. Nd2 Qb5 18. f4 Qe2 19. Rf2 Qg4+ 20. Kh1 Bh4 21. Rf3 Rf5 22. a4 Be7 23. b5 Rc8 24. b6 Rcf8 25.
Rg1 Qh5 26. c4 Qh6 27. Rgf1 Rh5 28. R1f2 Bh4 29. Rg2 Rhf5 30. cxd5 exd5 31. Rg4 Qh5 32. h3 Bg5 33. Kg2 Bxf4 34. Rfxf4 Rxf4 35. Rxf4 Rxf4 36. Qxf4 Qe2+ 37. Qf2 Qxe5 38. Nf3 Qb8 39. Qg3 Qe8 40. Qe5 Qg6+ 41. Ng5 Qc2+ 42. Kg3 Qb3+ 43. Nf3 h6 44. Qe8+ Kh7 45. Qxc6 d4 46. b7 d3 47. Qe4+ Kh8 48.
c6 Qb6 49. Qxd3 Qc7+ 50. Kg2 1-0

[Event "*** Titled Tuesday Blitz"]
[Site "Chess.com"]
[Date "2021.03.16"]
[Round "9"]
[White "Fortitudine"]
[Black "Vandros57"]
[Result "1/2-1/2"]
[WhiteElo "2277"]
[BlackElo "2205"]
[TimeControl "180+1"]
[EndTime "11:45:14 PDT"]
[Termination "Game drawn by repetition"]

1. c4 c5 2. g3 g6 3. Bg2 Bg7 4. Nc3 Nc6 5. d3 Nf6 6. e4 d6 7.
Nge2 O-O 8. O-O Ne8 9. Be3 Nc7 10.
d4 cxd4 11. Nxd4 Nxd4 12. Bxd4 Bxd4 13. Qxd4 e5 14. Qd2 Be6 15. b3 Qe7 16. Rac1 a6 17.
Rfd1 Rad8 18. h4 h5 19. Qg5 Qxg5 20. hxg5 f6 21. gxf6 Rxf6 22. f3 Kg7 23. Rd2 b5 24. cxb5 Nxb5 25. Nxb5 axb5 26. Rc6 Bf7 27. Rb6 Be8 28.
Kf2 g5 29. Ke3 g4 30. b4 gxf3 31. Bxf3 Kg6 32. Rg2 Kg5 33. Rh2 Rf8 34. Rd2 Rf6 35. Rb7 Rc8 36. Rg7+ Kh6 37. Re7 Rc3+ 38. Ke2 Rcxf3 39.
Rxe8 Rf2+ 40. Ke1 Rf1+ 41. Ke2 R6f2+ 42. Kd3 Rxd2+ 43. Kxd2 Rf2+ 44. Ke3 Rxa2 45. Re6+ Kg5 46. Rxd6 Ra3+ 47. Kf2 Ra2+ 48. Kf3 Ra3+ 49. Kg2 Ra2+ 50. Kf3 Ra3+ 51. Kf2 Ra2+ 52. Kf3 1/2-1/2

[Event "*** Titled Tuesday Blitz"]
[Site "Chess.com"]
[Date "2021.03.16"]
[Round "9"]
[White "juli2512"]
[Black "IsaacWiebe"]
[Result "1/2-1/2"]
[WhiteElo "2229"]
[BlackElo "2275"]
[TimeControl "180+1"]
[EndTime "11:45:17 PDT"]
[Termination "Game drawn - insufficient material"]

1. e4 c5 2. d3 Nc6 3. Nc3 g6 4.
g3 Bg7 5. Bg2 e6 6. f4 Nge7 7.
Nf3 O-O 8. O-O d5 9. e5 Rb8 10.
Ne2 b5 11. c3 b4 12. d4 Ba6 13.
Be3 bxc3 14. bxc3 Nf5 15. Bf2 Qa5 16. g4 Nfe7 17. dxc5 Bxe2 18. Qxe2 Qxc3 19. Rac1 Rb2 20. Rxc3 Rxe2 21. Ra3 Rb8 22. Nd4 Nxd4 23. Bxd4 Nc6 24. Ba1 Rc2 25. Ra6 Rxc5 26. f5 gxf5 27. gxf5 exf5 28. Rd1 Nxe5 29. Rxa7 Rbc8 30. Bxe5 Bxe5 31. Bxd5 R5c7 32. Rxc7 Rxc7 33. Rd2 Kg7 34. Kg2 Kf6 35. Bb3 Bc3 36. Re2 f4 37. Kf3 Be5 38. Rc2 Rxc2 39. Bxc2 Bb8 40. Bxh7 Ke5 41. Bc2 Kf6 42. Bb3 Kg6 43. h3 f5 44. Be6 Kg5 45. Bc8 Kf6 46.
a4 Kg5 47. a5 Ba7 48. a6 Bb8 49.
Bd7 Ba7 50. h4+ Kxh4 51. Kxf4 Kh5 52. Kxf5 Kh6 53. Ke6 Kg7 54. Kd6 Kf8 55. Kc7 Ke7 56. Kb7 Bg1 57. Bg4 Be3 58. a7 Bxa7 1/2-1/2

[Event "*** Titled Tuesday Blitz"]
[Site "Chess.com"]
[Date "2021.03.16"]
[Round "9"]
[White "IAgrest"]
[Black "MuhittinBuker"]
[Result "0-1"]
[WhiteElo "2257"]
[BlackElo "2196"]
[TimeControl "180+1"]
[EndTime "11:45:22 PDT"]
[Termination "MuhittinBuker won by resignation"]

1. e4 e5 2. Nf3 Nc6 3. Bb5 a6 4. Ba4 Nf6 5. O-O Be7 6. Re1 b5 7. Bb3 O-O 8. h3 d6 9. c3 Na5 10. Bc2 c5 11. d4 Qc7 12. Nbd2 cxd4 13. cxd4 Nc6 14. d5 Nb4 15. Bb1 a5 16. Nf1 a4 17.
a3 Na6 18. b4 axb3 19. Qxb3 Bd7 20. Ng3 g6 21. Bh6 Rfc8 22. Qe3 Qc3 23. Bd3 Nc5 24. Bf1 Qxe3 25. Rxe3 b4 26. Nd2 Ra4 27. Bc4 Rca8 28. Ra2 Rxa3 29. Rexa3 bxa3 30. f3 Ne8 31. Be3 Nc7 32.
Nb1 Bb5 33. Bxb5 Nxb5 34. Ne2 Ra4 35. Nec3 Nxc3 36. Nxc3 Ra8 37. Nb5 Ra5 38. Nxa3 Na6 39. Ra1 Nb4 40. Bd2 Ra4 41. Bxb4 Rxb4 42. Rc1 Kg7 43. Rc7 Bg5 44. Nc4 Rb1+ 45. Kf2 Rc1 46. Ke2 Rc2+ 47. Kd3 Rxg2 48. Nxd6 Rf2 49. Nxf7 Rxf3+ 50. Kc4 Rxf7 51. d6 Bd8 52. Rxf7+ Kxf7 53. Kd5 Kf6 54.
Kc6 Ke6 55. d7 h6 56. h4 g5 57. hxg5 hxg5 0-1

[Event "*** Titled Tuesday Blitz"]
[Site "Chess.com"]
[Date "2021.03.16"]
[Round "9"]
[White "SaqoChess_Twitch"]
[Black "olksuna"]
[Result "0-1"]
[WhiteElo "2495"]
[BlackElo "2669"]
[TimeControl "180+1"]
[EndTime "11:45:24 PDT"]
[Termination "olksuna won by resignation"]

1. d4 Nf6 2. e3 g6 3. Nf3 Bg7 4. Be2 O-O 5. O-O b6 6. Nbd2 Bb7 7. b3 c5 8. Bb2 d6 9. c4 e6 10. Qc2 Qe7 11. Rac1 Nbd7 12. Rfd1 Rac8 13. Qb1 Rfe8 14.
Qa1 e5 15. dxe5 dxe5 16. Nf1 e4 17. N3d2 h5 18. Nb1 h4 19. h3 Ne5 20. Bxe5 Qxe5 21. Qxe5 Rxe5 22. Nc3 Re7 23. Nb5 Bc6 24. Nd6 Rb8 25.
a4 Nd7 26. Nb5 Ne5 27. Rc2 a6 28. Nc3 f5 29. Nd5 Rd7 30. Rcd2 Kf7 31. Nf4 Rbd8 32.
Rxd7+ Rxd7 33. Rxd7+ Nxd7 34. Nd5 Ke6 35. Nc7+ Kd6 36.
Nxa6 Bb7 37. Nxc5 Kxc5 38. g3 Bf6 39. g4 Kb4 40. gxf5 gxf5 41. Bh5 Ne5 42. Nd2 Kc3 43.
c5 bxc5 44. Nc4 Nxc4 45. bxc4 Kb4 46. Be8 Kxc4 47. Bd7 Kd3 48. Bb5+ Kc3 49. a5 Kb4 50. a6 Ba8 51. Bd7 c4 52. Kf1 c3 53. Ke1 c2 54.
Kd2 Kb3 55. Ba4+ Kxa4 56. Kxc2 Kb5 57. Kb3 Bd5+ 58. Ka3 Kxa6 59. Kb4 Kb6 60. Ka3 Kc5 61. Ka4 Kd6 62. Kb4 Ke5 63. Kc5 Be7+ 64. Kb5 f4 65.
Kb6 Be6 66. Kc6 Bxh3 67. exf4+ Kxf4 68. Kd5 Bg2 69. Kd4 Bf3 70. Kd5 h3 71. Ke6 h2 72.
Kf7 h1=Q 73. Ke6 Qh5 74. Kd7 Ke5 0-1

[Event "*** Titled Tuesday Blitz"]
[Site "Chess.com"]
[Date "2021.03.16"]
[Round "9"]
[White "Aradhya2000"]
[Black "Grineva_Marianna"]
[Result "1-0"]
[WhiteElo "2566"]
[BlackElo "2273"]
[TimeControl "180+1"]
[EndTime "11:45:27 PDT"]
[Termination "Aradhya2000 won by checkmate"]

1. d4 d6 2. Nf3 c6 3. c4 Nd7 4. Nc3 h6 5. e4 g5 6. h4 g4 7.
Ng1 Ndf6 8. Bd3 e5 9. Nge2 Bg7 10. Be3 Ne7 11. Rc1 Be6 12. d5 cxd5 13. cxd5 Bd7 14. Nb5 Bxb5 15. Bxb5+ Kf8 16. Nc3 a6 17. Be2 Qd7 18. a4 Rc8 19. h5 Kg8 20. Rh4 g3 21. fxg3 Kh7 22. Bd3 Rhg8 23. Qf3 Bh8 24. Rc2 Rcf8 25.
Be2 Ne8 26. g4 Bf6 27. Rh1 Bg5 28. Nd1 Qxa4 29. Rc3 Qb4 30. Rf1 f6 31. Kd2 Nc7 32. Kc2 Nb5 33. Bxb5 Qxb5 34. Bxg5 hxg5 35. Qd3 Qa4+ 36.
Kd2 Rc8 37. Rxf6 Rxc3 38. Nxc3 Qd7 39. Qf3 Rg7 40. Re6 Ng8 41. Qf5+ Kh8 42. h6 Nxh6 43. Rxh6+ Kg8 44. Qxd7 Rxd7 45. Rg6+ Kh7 46. Rxg5 Rf7 47.
Rf5 Rg7 48. g5 Kg6 49. Ne2 Kh5 50. Ke3 Kg4 51. Rf6 Rc7 52. g6 Kg5 53. Rf7 Rc8 54. g7 Rg8 55. Rxb7 Kg6 56. Ng3 Kh7 57. Nf5 Rd8 58. g4 Rc8 59. g8=Q+ Kxg8 60. Ne7+ Kf8 61. Nxc8 Ke8 62. Nxd6+ Kd8 63. g5 a5 64. g6 a4 65. g7 a3 66. g8=Q# 1-0

[Event "*** Titled Tuesday Blitz"]
[Site "Chess.com"]
[Date "2021.03.16"]
[Round "9"]
[White "GMRafpig"]
[Black "InitiatingASC"]
[Result "1-0"]
[WhiteElo "2640"]
[BlackElo "2462"]
[TimeControl "180+1"]
[EndTime "11:45:33 PDT"]
[Termination "GMRafpig won by resignation"]

1. c4 Nf6 2. Nc3 g6 3. e4 d6 4.
d4 Bg7 5. Be2 O-O 6. Bg5 Nc6 7.
d5 Nb8 8. Qd2 a6 9. Nf3 b5 10.
cxb5 axb5 11. Bxb5 Ba6 12. Bxa6 Nxa6 13. O-O Nc5 14.
Rfe1 Qb8 15. e5 dxe5 16. Nxe5 Qb4 17. Nc6 Qg4 18. Nxe7+ Kh8 19. h3 Qd7 20. Nc6 Rfe8 21. Ne5 Rxe5 22. Rxe5 Nb3 23. axb3 Rxa1+ 24. Re1 Rxe1+ 25.
Qxe1 h6 26. Bxf6 Bxf6 27. Qd2 Kg7 28. Ne4 Be5 29. b4 Qf5 30. Qe2 Qf4 31. g3 Qc1+ 32. Kg2 Bxb2 33. Nc5 Bf6 34. Nd7 Qc3 35. Qe4 Bd4 36. Qf4 Qxb4 37. Qxc7 Qd2 38. Qf4 Qxf4 39. gxf4 f6 40. Kf3 Kf7 41. Nb8 Ke7 42. Nc6+ Kd6 43. Nxd4 Kxd5 44. Ke3 h5 45. Nf3 Kd6 46.
Ke4 Ke7 47. f5 Kf7 48. fxg6+ Kxg6 49. Kf4 Kg7 50. Kf5 Kf7 51. Nh4 Kg7 52. Ng6 Kh6 53. Nf4 h4 54. Nd5 Kh5 55. Nxf6+ Kh6 56. Ne4 Kh5 57.
Kf4 Kh6 58. Kg4 Kg6 59. f4 Kh6 60. f5 Kg7 61. Kg5 Kf7 62. f6 Kf8 63. Kg6 Kg8 64. Ng5 Kh8 65. Kh6 Kg8 66. Ne6 Kh8 67. Ng7 Kg8 68.
Kg6 Kh8 69. Nf5 Kg8 70. f7+ Kf8 71. Nh6 Ke7 72. Kg7 Ke6 73. f8=Q Ke5 74. Qf6+ 1-0

[Event "*** Titled Tuesday Blitz"]
[Site "Chess.com"]
[Date "2021.03.16"]
[Round "9"]
[White "mishanick"]
[Black "vugarrasulov"]
[Result "1-0"]
[WhiteElo "3036"]
[BlackElo "2862"]
[TimeControl "180+1"]
[EndTime "11:45:34 PDT"]
[Termination "mishanick won by checkmate"]

1. d4 Nf6 2. c4 e6 3. Nf3 d5 4. Nc3 c5 5. cxd5 exd5 6. Bg5 Be6 7. e4 dxe4 8. Bxf6 gxf6 9. Nxe4 cxd4 10. Bb5+ Nc6 11.
O-O Be7 12. Nxd4 Qd5 13. Bxc6+ bxc6 14. Nxe6 fxe6 15. Qg4 Kf7 16. Rad1 Rag8 17. Qf3 Qf5 18. Qxf5 exf5 19. Ng3 f4 20. Nf5 Rd8 21. b3 Ba3 22. Nd4 Rd6 23. Ne2 f3 24. gxf3 Rhd8 25. Nc3 f5 26.
Rxd6 Rxd6 27. Rd1 Rxd1+ 28. Nxd1 Ke6 29. Kf1 Ke5 30. Ne3 Bc5 31. Ke2 h5 32. h3 Kf4 33.
Nc4 Kg5 34. Kf1 Kf4 35. Ke2 Kg5 36. Ne5 Kh4 37. Nxc6 Kxh3 38. Kf1 Kh4 39. b4 Bb6 40. a4 a6 41. a5 Bc7 42. Nd4 f4 43. b5 Bxa5 44. bxa6 Bb6 45. Nc6 Kg5 46. a7 Bxa7 47.
Nxa7 Kf5 48. Nb5 Ke5 49. Nc3 Kf5 50. Ne4 Ke5 51. Kg2 Kf5 52. Kh3 Kg6 53. Kh4 Kh6 54. Nf6 Kg6 55. Nd5 Kf5 56. Kxh5 Ke5 57. Nb4 Kd4 58.
Kg4 Kc3 59. Nd5+ Kd2 60. Nxf4 Ke1 61. Nh3 Ke2 62. f4 Kd3 63. f5 Kd4 64. f6 Kd5 65. f7 Kd6 66. f8=Q+ Kd7 67. Qf5+ Ke8 68. f4 Ke7 69. Kg5 Kd6 70. Kg6 Ke7 71. Ng5 Kd8 72.
Qe6 Kc7 73. f5 Kb8 74. f6 Ka8 75. f7 Ka7 76. f8=Q Kb7 77. Qff7+ Kb8 78. Qee8# 1-0

[Event "*** Titled Tuesday Blitz"]
[Site "Chess.com"]
[Date "2021.03.16"]
[Round "9"]
[White "vovachesss"]
[Black "Anton_Demchenko"]
[Result "0-1"]
[WhiteElo "2745"]
[BlackElo "2887"]
[TimeControl "180+1"]
[EndTime "11:45:34 PDT"]
[Termination "Anton_Demchenko won on time"]

1. d4 Nf6 2. Bf4 d5 3. e3 c5 4. c3 Nc6 5. Nd2 Bf5 6. Ngf3 e6 7. Bb5 Qb6 8. a4 a6 9. dxc5 Bxc5 10. Bxc6+ bxc6 11. b4 Be7 12. a5 Qb7 13. Nb3 O-O 14. O-O Bg4 15. Be5 Nd7 16. Bg3 e5 17. Qd2 f6 18. Rab1 Rfd8 19. Rfc1 Rab8 20. Qc2 Nf8 21. Nfd2 Qc8 22. e4 Ne6 23. f3 Bh5 24. Nf1 Bg6 25. Ne3 dxe4 26. fxe4 Ng5 27. Nf5 Bf8 28. Rf1 Qe6 29.
Qe2 c5 30. h4 Nf7 31. Nxc5 Bxc5+ 32. bxc5 Bxf5 33. exf5 Qc6 34. Rb6 Qxc5+ 35. Bf2 Qxc3 36. Qxa6 Ra8 37. Qb7 Qxa5 38. Re6 Rab8 39. Qc6 Qb5 40. Qc7 Qb7 41. Qc4 Rbc8 42. Qa2 Qd7 43. Rb1 Ra8 44. Qb3 Kh8 45. Rb6 Nh6 46. Rb7 Qxf5 47. Qg3 Ng4 48. Bb6 h5 49. Bxd8 Rxd8 50. Rb8 Rxb8 51. Rxb8+ Kh7 52.
Qf3 Qc2 53. Rd8 Qc5+ 54. Kh1 Qc1+ 55. Rd1 Qxd1+ 0-1

[Event "*** Titled Tuesday Blitz"]
[Site "Chess.com"]
[Date "2021.03.16"]
[Round "9"]
[White "Gahan-MG"]
[Black "zajka-molotok"]
[Result "0-1"]
[WhiteElo "2670"]
[BlackElo "2544"]
[TimeControl "180+1"]
[EndTime "11:45:34 PDT"]
[Termination "zajka-molotok won by resignation"]

1. e4 c6 2. d4 d5 3. exd5 cxd5 4. c4 Nf6 5. Nc3 Nc6 6. Nf3 Be6 7. Bg5 g6 8. Qa4 Bg7 9. c5 O-O 10. Bb5 Ne4 11.
Bxc6 bxc6 12. Be3 Qc7 13. O-O Rab8 14. Qa3 f5 15. Rfe1 f4 16. Bd2 Bf5 17. Rad1 h6 18.
Bc1 g5 19. b4 Qb7 20. Nxe4 dxe4 21. Ne5 Bxe5 22. dxe5 Qxb4 23. Qxa7 Rb7 24. Qa6 Qb5 25. Qa3 Qc4 26. h4 Qe6 27. hxg5 hxg5 28. Qc3 Kf7 29. a4 Rh8 30. f3 e3 31. Bxe3 fxe3 32. Rxe3 Qh6 33.
Kf2 Qh4+ 34. Ke2 Be6 35. a5 Qc4+ 36. Kf2 Qxc3 37. Rxc3 Ra8 38. Ra1 Ra6 39. g3 Rb5 40. Rca3 Rxc5 41. f4 gxf4 42. gxf4 Bf5 43. Ke3 e6 44. Kd4 Rb5 45. Kc4 Be4 46. Kd4 Bd5 47. Ra4 Rb2 48. Kc5 Rc2+ 49. Kd6 c5+ 50. Kc7 c4 51. Rb4 c3 52. Rb6 Ra8 53. a6 Rb2 54. a7 Rxb6 55. Kxb6 c2 56. Rc1 Rc8 57. Ka6 Kg6 58. Kb6 Kf5 59. Rxc2 Rxc2 0-1

[Event "*** Titled Tuesday Blitz"]
[Site "Chess.com"]
[Date "2021.03.16"]
[Round "9"]
[White "elegant285"]
[Black "MatyChess1"]
[Result "1-0"]
[WhiteElo "2420"]
[BlackElo "2580"]
[TimeControl "180+1"]
[EndTime "11:45:34 PDT"]
[Termination "elegant285 won by resignation"]

1. d4 d5 2. Bf4 e6 3. e3 Bd6 4. Bg3 Nf6 5. Bd3 O-O 6. Nd2 c5 7.
c3 Qc7 8. dxc5 Qxc5 9. e4 Nbd7 10. Ngf3 e5 11. O-O dxe4 12. Bxe4 Re8 13. Qe2 Qc7 14. Rad1 Nc5 15. h3 Bd7 16. Bb1 b5 17. Ng5 Rad8 18.
Nde4 Nfxe4 19. Nxe4 Bf8 20. Nxc5 Bxc5 21. Rd5 f6 22.
Rfd1 Be6 23. Rxd8 Rxd8 24. Rd2 a6 25. Qd1 Rxd2 26. Qxd2 g6 27. Kf1 Qc6 28. Qd8+ Bf8 29.
h4 Kf7 30. Qd2 Qc4+ 31. Kg1 Bd5 32. h5 Qc6 33. f3 Be6 34. hxg6+ hxg6 35. Bf2 Qd7 36.
Qxd7+ Bxd7 37. Be4 Bc8 38. Bd5+ Ke8 39. Kf1 g5 40. Ke2 Kd7 41. Kd3 Kd6 42. Bb3 f5 43. Ke2 Bb7 44. Bc2 Ke6 45. Be3 Be7 46. g4 f4 47.
Bf5+ Kd6 48. Bb6 Bd5 49. b3 Kc6 50. Ba5 Bf7 51. Bd3 Bd5 52. Bf5 Kc5 53. Bb4+ Kc6 54.
Bxe7 a5 55. Bxg5 a4 56. Be4 axb3 57. axb3 Bxe4 58. fxe4 1-0

[Event "*** Titled Tuesday Blitz"]
[Site "Chess.com"]
[Date "2021.03.16"]
[Round "9"]
[White "827883"]
[Black "ShahMatKanal"]
[Result "0-1"]
[WhiteElo "2287"]
[BlackElo "2465"]
[TimeControl "180+1"]
[EndTime "11:45:35 PDT"]
[Termination "ShahMatKanal won on time"]

1. e4 c5 2. Nf3 e6 3. d4 cxd4 4. Nxd4 a6 5. Nc3 b5 6. g3 Bb7 7. Bg2 Nc6 8. O-O Rc8 9. Re1 d6 10. a4 b4 11. Nd5 exd5 12. exd5+ Ne5 13. f4 Qc7 14. fxe5 dxe5 15. Bf4 f6 16. Ne6 Qxc2 17. Qg4 Qg6 18. Qd1 Bd6 19. Be4 Qf7 20. Qg4 g6 21. Qd1 Ne7 22. Bh6 Rg8 23. Rc1 Nf5 24. Bxf5 gxf5 25. Rxc8+ Bxc8 26. Qc2 Bxe6 27. dxe6 Qxe6 28.
Qc6+ Kf7 29. Rd1 Rd8 30. Qb7+ Rd7 31. Qf3 e4 32. Qe3 a5 33. Kg2 Rc7 34. Rd2 Be5 35. Bf4 Qc6 36. Bxe5 fxe5 37. Rf2 Qf6 38. g4 f4 39.
Qxe4 Qc6 40. Kf3 Ke6 41. Re2 Qxe4+ 42. Rxe4 Rc2 43. g5 Rxh2 44. Kg4 Rg2+ 45. Kh3 Rxg5 46.
Re2 Rg3+ 47. Kh4 Kf5 48. b3 Rxb3 49. Rg2 f3 50. Rg5+ Kf4 51. Rg1 f2 52. Rh1 e4 53.
Rf1 e3 54. Rc1 Kf3 55. Kh3 e2 56. Kh2 e1=Q 0-1

[Event "*** Titled Tuesday Blitz"]
[Site "Chess.com"]
[Date "2021.03.16"]
[Round "9"]
[White "Kislov_Oleg"]
[Black "Pantata007"]
[Result "1-0"]
[WhiteElo "2446"]
[BlackElo "2333"]
[TimeControl "180+1"]
[EndTime "11:45:36 PDT"]
[Termination "Kislov_Oleg won on time"]

1. e4 e5 2. Nf3 Nc6 3. d4 exd4 4. Nxd4 Nf6 5. Nc3 Bb4 6. Nxc6 bxc6 7. Bd3 d5 8. exd5 cxd5 9. O-O O-O 10. Bg5 c6 11.
Qf3 Bd6 12. Ne2 Be5 13. c3 h6 14. Bh4 Qd6 15. Bg3 Bg4 16. Bxe5 Qxe5 17. Qg3 Rfe8 18. Qxe5 Rxe5 19. f3 Bd7 20. Kf2 Rae8 21. b4 a5 22.
a3 Ra8 23. Nd4 Ree8 24. Nb3 axb4 25. axb4 Be6 26. Ra5 Rxa5 27. Nxa5 Rc8 28. Nb3 Nd7 29. Ke3 c5 30. bxc5 Nxc5 31. Nxc5 Rxc5 32. Kd4 Ra5 33.
Rb1 g6 34. Rb2 Kg7 35. Bb5 Kf6 36. f4 h5 37. g3 Kf5 38. Bd3+ Kf6 39. Rd2 Ra4+ 40.
Kc5 Ra1 41. Be2 Rc1 42. Kd4 Rg1 43. Bf3 Rc1 44. Rd3 Rc2 45. h4 Bf5 46. Re3 Rd2+ 47. Kc5 Be6 48. Kd6 Rc2 49. Rd3 Rf2 50. Bxd5 Bxd5 51.
Kxd5 Kf5 52. c4 Rc2 53. c5 Kg4 54. c6 f6 55. Kd6 g5 56. fxg5 fxg5 57. hxg5 Kxg5 58.
c7 Kg4 59. Kd7 1-0

[Event "*** Titled Tuesday Blitz"]
[Site "Chess.com"]
[Date "2021.03.16"]
[Round "9"]
[White "ukchessbomber"]
[Black "GregShahade"]
[Result "0-1"]
[WhiteElo "2518"]
[BlackElo "2764"]
[TimeControl "180+1"]
[EndTime "11:45:38 PDT"]
[Termination "GregShahade won by resignation"]

1. d4 Nf6 2. c4 g6 3. Nc3 d5 4.
cxd5 Nxd5 5. e4 Nxc3 6. bxc3 Bg7 7. Be3 c5 8. Qd2 Qa5 9. Rc1 O-O 10. Nf3 Rd8 11. d5 e6 12. Be2 Qa4 13. c4 Na6 14.
O-O b6 15. Bh6 Bh8 16. Qg5 Re8 17. Bd3 Nb4 18. Bb1 Nxa2 19. Rce1 Nc3 20. Bd3 e5 21.
Qh4 Qd7 22. Bd2 Na4 23. Ng5 f6 24. Nf3 a6 25. Ra1 b5 26. cxb5 axb5 27. Rfb1 c4 28. Bc2 Bb7 29. g4 g5 30. Qg3 Nc5 31. h4 h6 32. hxg5 fxg5 33. Kg2 Rxa1 34. Rxa1 Bc8 35.
Be3 Nb3 36. Bxb3 cxb3 37. Nh2 b4 38. Bc5 Qb5 39. Qe3 Bf6 40. Rb1 Be7 41. Bxe7 Rxe7 42.
Qxb3 Qe2 43. Qxb4 Rf7 44. Qc5 Bxg4 45. Rb8+ Kg7 46. Qe3 Qxe3 47. fxe3 Bd7 48. Nf3 Re7 49. Rb7 Bh3+ 50. Kxh3 Rxb7 51. Nxe5 Re7 52. Nc6 Rxe4 53. d6 Rxe3+ 54. Kg4 Rd3 55. Kh5 Rxd6 56. Nd4 Rf6 57.
Nf5+ Rxf5 0-1

[Event "*** Titled Tuesday Blitz"]
[Site "Chess.com"]
[Date "2021.03.16"]
[Round "9"]
[White "AwareIdea"]
[Black "bricolageur"]
[Result "1-0"]
[WhiteElo "2413"]
[BlackElo "2262"]
[TimeControl "180+1"]
[EndTime "11:45:45 PDT"]
[Termination "AwareIdea won by resignation"]

1. e4 e5 2. Nf3 Nc6 3. Bb5 a6 4. Ba4 d6 5. O-O Ne7 6. d3 Bd7 7. h3 g6 8. Nbd2 Bg7 9. Re1 O-O 10. Nf1 h6 11. Ng3 Kh7 12. c3 f5 13. d4 f4 14. Ne2 g5 15. Nh2 h5 16. dxe5 dxe5 17. Nf3 Bf6 18. Kf1 g4 19. hxg4 hxg4 20. Nfg1 Qe8 21.
Qc2 Bg5 22. f3 Qh5 23. Rd1 Rad8 24. Bd2 Ng6 25. Be1 g3 26. Rd5 Nh4 27. Bxc6 Nxg2 28.
Kxg2 Qh2+ 29. Kf1 g2+ 30. Kf2 Bh4+ 31. Ng3 fxg3+ 32. Ke2 Bxc6 33. Rxd8 Rxd8 34. Bd2 b5 35. Be3 a5 36. Rd1 Rd6 37. Qb3 Kg7 38. Rxd6 cxd6 39.
a4 bxa4 40. Qc4 Be8 41. Qc7+ Kg8 42. Qxd6 Bb5+ 43. Kd2 Bg5 44. Qd5+ Kg7 45. Qxe5+ Bf6 46. Qxb5 Qh8 47. Qb7+ Kg6 48. Qd5 Qb8 49. Qf5+ Kg7 50. Qd7+ Kg6 51. Qg4+ Kf7 52. Kc1 Qb3 53. Qd7+ Kg6 54.
Qf5+ Kf7 55. Qd5+ Qxd5 56. exd5 Ke7 57. c4 Kd6 58. Kc2 a3 59. bxa3 a4 60. Bd2 Bd4 61.
Ne2 g1=Q 62. Nxg1 Bxg1 63. Bf4+ Kc5 64. Bxg3 Kxc4 65. d6 Bc5 66. d7 Be7 67. Bc7 Kc5 68. d8=Q Bxd8 69. Bxd8 1-0

[Event "*** Titled Tuesday Blitz"]
[Site "Chess.com"]
[Date "2021.03.16"]
[Round "9"]
[White "mbachez"]
[Black "GMJustin"]
[Result "1/2-1/2"]
[WhiteElo "2484"]
[BlackElo "2328"]
[TimeControl "180+1"]
[EndTime "11:45:48 PDT"]
[Termination "Game drawn by stalemate"]

1. e4 c5 2. Nf3 d6 3. Bb5+ Bd7 4. Bxd7+ Qxd7 5. O-O Nf6 6. Qe2 Nc6 7. Rd1 g5 8.
d4 g4 9. Ne5 dxe5 10. dxe5 Nd4 11. Qd3 Nxe4 12. c3 Nf3+ 13. gxf3 Qxd3 14. Rxd3 gxf3 15.
Nd2 Rg8+ 16. Kf1 c4 17. Nxc4 Rg2 18. Rxf3 Rxh2 19. Kg1 Rh5 20. Be3 Rc8 21. Na3 Rxe5 22. Bxa7 Rg5+ 23. Kh2 Rc6 24. Rf1 Rh6+ 25. Rh3 Rxh3+ 26.
Kxh3 e6 27. Be3 Rf5 28. Kg4 Bxa3 29. bxa3 Nxc3 30. Rh1 Nd5 31. Rxh7 Nxe3+ 32. fxe3 Ra5 33. Rh8+ Kd7 34. Rb8 Kc6 35. Rc8+ Kb6 36. Rc3 f6 37. Kf4 Ra4+ 38. Kf3 f5 39. Rd3 Kc6 40. Rc3+ Kd5 41. Rd3+ Ke5 42. Rb3 b6 43. Rb5+ Kf6 44. Rb3 b5 45.
Rc3 e5 46. Rb3 Kg5 47. Rxb5 e4+ 48. Kg3 Rxa3 49. Rb3 Rxa2 50. Rc3 Re2 51. Rb3 Rxe3+ 52. Rxe3 f4+ 53. Kf2 fxe3+ 54. Kxe3 Kf5 55. Ke2 Kf4 56. Kf2 e3+ 57. Ke2 Ke4 58. Ke1 Kd4 59.
Ke2 Ke4 60. Ke1 Ke5 61. Ke2 Kf4 62. Ke1 Kf3 63. Kf1 e2+ 64. Ke1 Ke3 1/2-1/2

[Event "*** Titled Tuesday Blitz"]
[Site "Chess.com"]
[Date "2021.03.16"]
[Round "9"]
[White "chesslh19"]
[Black "cukin84"]
[Result "1-0"]
[WhiteElo "2256"]
[BlackElo "2113"]
[TimeControl "180+1"]
[EndTime "11:45:48 PDT"]
[Termination "chesslh19 won by resignation"]

1. e4 c6 2. d4 d5 3. Nd2 a6 4.
Ngf3 Bg4 5. c3 e6 6. exd5 cxd5 7. Qa4+ Nc6 8. Ne5 b5 9. Nxc6 bxa4 10. Nxd8 Rxd8 11.
Bxa6 Rb8 12. Bd3 Bd6 13. O-O Ne7 14. b3 axb3 15. axb3 O-O 16. Ba3 Rfd8 17. Bxd6 Rxd6 18. Ra7 Nc6 19. Ra6 Rbd8 20. Rfa1 g6 21. f3 Bf5 22. Bxf5 gxf5 23. Ra8 Kg7 24. Rxd8 Rxd8 25. Kf2 Rc8 26. Ke2 Ne7 27. Kd3 Ng6 28. g3 h5 29. c4 dxc4+ 30. bxc4 h4 31. c5 hxg3 32. hxg3 Kf6 33. Nc4 e5 34.
Nd6 Rd8 35. Ra6 Kg7 36. Nxf5+ Kh7 37. Rd6 Ra8 38. Rd7 exd4 39. Rxf7+ Kh8 40. Rg7 Ne5+ 41. Kxd4 Nxf3+ 42. Kd5 Rd8+ 43. Kc4 Ne5+ 44. Kb5 Rf8 45. Rg5 Nf3 46. Rh5+ Kg8 47. Nd6 Rd8 48. Kc6 Nd4+ 49.
Kc7 Ne6+ 50. Kc6 Nd4+ 51. Kc7 Ne6+ 52. Kb6 Rb8+ 53. Ka5 Nd4 54. Rg5+ Kf8 55. Rd5 Nb3+ 56. Ka4 Nc1 57. Nb5 Na2 58. c6 Ke7 59. Rc5 Ra8+ 60.
Kb3 Kd8 61. c7+ Kc8 62. Nd6+ Kd7 63. c8=Q+ Rxc8 64. Nxc8 Nb4 65. Kxb4 Ke6 66. g4 Kf6 67. g5+ Kg6 68. Na7 Kg7 69. Kc4 Kf7 70. Kd5 Kg6 71.
Ke4 Kf7 72. Kf5 Kg7 73. g6 Kg8 74. Kf6 1-0